 Dungeon Crawl Stone Soup version 0.30-a0-1123-gabc949cf19 (webtiles) character file.

Game seed: 1029177299222367598

11 Zeldest the Sneak (level 2, -3/16 HPs)
             Began as a Vine Stalker Delver on Apr 22, 2023.
             Slain by a sleepcap (4 damage)
             ... on level 4 of the Dungeon.
             The game lasted 00:01:10 (176 turns).

Zeldest the Sneak (Vine Stalker Delver)              Turns: 176, Time: 00:01:11

Health: -3/16      AC:  3    Str: 14    XL:     2   Next: 29%
Magic:  0/3        EV: 11    Int: 10    God:
Gold:   17         SH:  0    Dex: 15    Spells: 1/1 levels left

rFire   . . .        a - +0 short sword
rCold   . . .        (no shield)
rNeg    . . .        b - +0 leather armour
rPois   .            (no helmet)
rElec   .            (no cloak)
rCorr   .            (no gloves)
SInv    .            (no boots)
Will    .....        (no amulet)
Stlth   +++          (no ring)
HPRegen 0.22/turn    (no ring)
MPRegen 0.08/turn

%: guardian spirit
@: hasted, very quick
A: fangs 2, magic shield, antimagic bite, no potion heal 2
a: no special abilities


You were on level 4 of the Dungeon.
You visited 1 branch of the dungeon, and saw 2 of its levels.

You collected 17 gold pieces.

Inventory:

Hand Weapons
 a - a +0 short sword (weapon)
Armour
 b - a +0 leather armour (worn)
Wands
 g - a wand of digging (3)
Scrolls
 c - a scroll of fog
 d - a scroll of magic mapping
 h - a scroll of vulnerability {unknown}
 i - 3 scrolls of identify {unknown}


   Skills:
 + Level 2.9 Fighting
 + Level 2.1 Short Blades
 - Level 1.5 Dodging
 + Level 6.2 Stealth


You had one spell level left.
You didn't know any spells.
Your spell library was empty.

Dungeon Overview and Level Annotations

Branches:
Dungeon (5/15) Zot: 11827
 Temple: D:4-7

Altars:
Elyvilon


Innate Abilities, Weirdness & Mutations

You have extremely sharp teeth.
When hurt, damage is shared between your health and your magic reserves.
Your bite disrupts and absorbs the magic of your enemies.
Potions cannot restore your health.


Message History

The sleepcap releases spores at you but does no damage.
You hit the sleepcap but do no damage. You bite the sleepcap.
You drain its power.
The sleepcap is lightly damaged.
The sleepcap barely misses you.
You hit the sleepcap but do no damage.
You bite the sleepcap, but do no damage.
The sleepcap is lightly damaged.
You hit the sleepcap.
You bite the sleepcap, but do no damage.
The sleepcap is moderately damaged.
The sleepcap releases spores at you but does no damage.
You completely miss the sleepcap.
You bite the sleepcap, but do no damage.
The sleepcap is moderately damaged.
The sleepcap releases spores at you.
You hit the sleepcap but do no damage.
You bite the sleepcap, but do no damage.
The sleepcap is moderately damaged.
The sleepcap releases spores at you but does no damage.
You feel yourself speed up. The sleepcap barely misses you.
You hit the sleepcap.
The sleepcap is moderately damaged.
The sleepcap releases spores at you!
You hit the sleepcap.
The sleepcap is heavily damaged.
You hit the sleepcap but do no damage.
The sleepcap is heavily damaged.
The sleepcap closely misses you.
You hit the sleepcap but do no damage.
You bite the sleepcap, but do no damage.
The sleepcap is heavily damaged.
You hit the sleepcap.
The sleepcap is severely damaged.
The sleepcap releases spores at you!
* * * LOW HITPOINT WARNING * * *
You hit the sleepcap but do no damage.
The sleepcap is severely damaged.
The sleepcap releases spores at you.
You die...

... #.##.......## #
#
.#...##.#.........#
........'.........+
.#...##.#.........#
... ..O##.......##
. #######.....##
##...## ##f## #@#
#.# ... #...# .....
....... .....#.
#..!..#.#


You could see a sleepcap.

Vanquished Creatures
  A gnoll (D:5)
  A quokka (D:4)
2 creatures vanquished.

Notes
Turn   | Place    | Note
-------+----------+-------------------------------------------
     0 | D:5      | Zeldest the Vine Stalker Delver began the quest for the
                  | Orb.
     0 | D:5      | Reached XP level 1. HP: 11/11 MP: 2/2
    24 | D:5      | Found a white marble altar of Elyvilon.
    90 | D:5      | Reached XP level 2. HP: 5/16 MP: 0/3
   151 | D:4      | Noticed an ogre
   176 | D:4      | Slain by a sleepcap

Illustrated notes

Levels and vault maps discovered:
D:4:      layout_loops_corners, grunt_ministairs_9
D:5:      layout_cave_pools, lemuel_tele_altar, minmay_misc_feat_x,
          dk_vineyard_1, hex_large, uniq_ijyb, uniq_edmund

Skill      XL: |  1 |
---------------+----+-----
Short Blades   | 2 |  2.1
Fighting       | |  2.9
Dodging        | |  1.5
Stealth        | |  6.2

Action                     || total
---------------------------++-------
  Melee: Short sword       ||    27
         Bite              ||     9
    Use: Scroll            ||     1
         Potion            ||     1
 Armour: Leather armour    ||     6
  Dodge: Dodged            ||     9

Table legend: (Time is in decaauts)
 A = Elapsed time spent in this place.
 B = Non-inter-level travel time spent in this place.
 C = Inter-level travel time spent in this place.
 D = Time resting spent in this place.
 E = Time spent auto-exploring this place.
 F = Levels seen in this place.
 G = Mean time per level.
                   A        B        C        D        E       F      G
               +--------+--------+--------+--------+--------+-----+--------+
         Total |    171 |    171 |      0 |      0 |      0 |   2 |   85.5 |
       Dungeon |    171 |    171 |      0 |      0 |      0 |   2 |   85.5 |
               +--------+--------+--------+--------+--------+-----+--------+

Top non-repeatable levels by time:
     D:5: 109 daAuts
     D:4: 62 daAuts
